 Seeded DCSS version 0.30-a0-913-g9934a0ce24 (webtiles) character file.

Game seed: 20230317 (custom seed)

12057 a11behringer the Basher (level 11, -7/148 HPs)
             Began as an Armataur Berserker on Mar 17, 2023.
             Was an Elder of Trog.
             Mangled by a spriggan simulacrum (16 damage)
             ... on level 11 of the Dungeon on Mar 19, 2023.
             The game lasted 00:33:17 (10203 turns).

a11behringer the Basher (Armataur Berserker)       Turns: 10203, Time: 00:33:17

Health: -7/148     AC: 27    Str: 33    XL:     11   Next: 57%
Magic:  11/11      EV:  5    Int:  9    God:    Trog [****..]
Gold:   530        SH: 13    Dex:  5    Spells: 10/10 levels left

rFire   . . .      SeeInvis .    S - +3 flail
rCold   . . .      Faith    .    T - +0 kite shield
rNeg    . . .      Spirit   .    L - +7 chain mail "Owyapoh" {Will+ Int+2 Dex-5}
rPois   .          Reflect  +    k - +0 helmet
rElec   .          Roll     +    F - +0 cloak
rCorr   .                        (no gloves)
Will    +++..                    c - +1 barding Stlth
                                 i - amulet of reflection
HPRegen 1.44/turn                o - +4 ring of slaying
MPRegen 0.12/turn                C - +6 ring of strength

@: berserking, strong-willed, regenerating, very quick
A: large, rugged brown scales 3, deformed body, armoured tail, roll, long
tongue, awkward tongue
a: Renounce Religion, Berserk, Trog's Hand, Brothers in Arms


You were on level 11 of the Dungeon.
You worshipped Trog.
Trog was greatly pleased with you.
You visited 1 branch of the dungeon, and saw 11 of its levels.

You collected 558 gold pieces.
You spent 28 gold pieces at shops.

Inventory:

Hand Weapons
 b - a +2 heavy shortbow
 D - a +2 mace of protection
 G - a +0 morningstar
 K - a +0 dire flail
 S - a +3 flail (weapon)
Missiles
 P - a throwing net (quivered)
Armour
 c - a +1 barding (worn)
 k - a +0 helmet (worn)
 B - a +0 plate armour
 F - a +0 cloak (worn)
 L - the +7 chain mail "Owyapoh" (worn) {Will+ Int+2 Dex-5}
   (You found it on level 9 of the Dungeon)

   Int:       It affects your intelligence (+2).
   Dex:       It affects your dexterity (-5).
   Will:      It increases your willpower.
 O - a +0 troll leather armour
 T - a +0 kite shield (worn)
Jewellery
 e - an amulet of magic regeneration
 i - an amulet of reflection (around neck)
 o - a +4 ring of slaying (left hand)
 C - a +6 ring of strength (right hand)
Wands
 N - a wand of polymorph (5)
 Q - a wand of flame (7)
 R - a wand of iceblast (7)
Scrolls
 a - a scroll of identify
 r - 2 scrolls of teleportation
 t - 2 scrolls of fear
 z - 2 scrolls of enchant weapon
 I - 3 scrolls of blinking
Potions
 d - 3 potions of resistance
 f - 2 potions of might
 j - 2 potions of attraction
 m - 7 potions of curing
 p - 2 potions of invisibility
 q - 6 potions of lignification
 s - 3 potions of berserk rage
 u - 2 potions of heal wounds
 v - a potion of mutation
 x - 2 potions of magic
 H - 2 potions of cancellation
 J - a potion of flight


   Skills:
 + Level 7.7 Fighting
 * Level 10.8 Maces & Flails
 + Level 9.7 Armour
 - Level 5.5 Dodging
 + Level 7.4 Shields


You had 10 spell levels left.
You didn't know any spells.
Your spell library was empty.

Dungeon Overview and Level Annotations

Branches:
Dungeon (11/15)            Temple (0/1) D:6            Lair (0/5) D:10
    Orc: D:9-12

Altars:
Fedhas
Makhleb
Qazlal
Sif Muna
Zin

Shops:
D:6 ?*

Portals:
Ice
Cave: D:11

Annotations:
D:10 3 runed translucent doors, Allyalt's ghost, journeyman DsBe


Innate Abilities, Weirdness & Mutations

You are completely covered in rugged brown scales. (AC +3, +7% HP)
Armour fits poorly on your strangely shaped body.
You have a long armoured tail.
You roll when moving toward enemies. (Rampage)
Your long tongue fully drains potion bottles. (2x potion effects)
Your tongue gives you trouble enunciating. (1.5x scroll delay)


Message History

You closely miss the spriggan simulacrum.
The spriggan simulacrum is moderately damaged.
The spriggan simulacrum hits you but does no damage.
The spriggan simulacrum hits you. The spriggan simulacrum freezes you!
You block the spriggan simulacrum's attack.
You closely miss the spriggan simulacrum.
The spriggan simulacrum is moderately damaged.
You block the spriggan simulacrum's attack.
The spriggan simulacrum barely misses you.
The spriggan simulacrum hits you but does no damage.
Your skin crawls.
You feel strong-willed. Trog will no longer gift you weapons.
You block the spriggan simulacrum's attack.
A red film seems to cover your vision as you go berserk!
You feel yourself moving faster!
You feel mighty! The spriggan simulacrum hits you.
The spriggan simulacrum freezes you! The spriggan simulacrum hits you.
The spriggan simulacrum freezes you!
* * * LOW HITPOINT WARNING * * *
You closely miss the spriggan simulacrum.
The spriggan simulacrum hits you!
* * * LOW HITPOINT WARNING * * *
The spriggan simulacrum freezes you!
* * * LOW HITPOINT WARNING * * *
The spriggan simulacrum hits you.
* * * LOW HITPOINT WARNING * * *
The spriggan simulacrum freezes you!
* * * LOW HITPOINT WARNING * * *
You bludgeon the spriggan simulacrum!!
The spriggan simulacrum vaporises!
Trog accepts your kill.
The spriggan simulacrum hits you but does no damage.
You sock the two-headed ogre simulacrum!
You tail-slap the two-headed ogre simulacrum!!
The two-headed ogre simulacrum vaporises!
Trog accepts your kill. The spriggan simulacrum hits you.
* * * LOW HITPOINT WARNING * * *
The spriggan simulacrum freezes you!
You die...

..... #.# .....
#!# .^....#.####
#..∩....#..
.....#... .......
#.#>Z# #...°###
####
###ZZ@.##...##
......Z......[.##
...#......<.....#
## #............#
................
##...............
##.....##...###.
###.### ..## ..
#).


You could see 3 spriggan simulacra and a troll simulacrum.

Vanquished Creatures
  6 two-headed ogres
  A tengu warrior (D:10)
  An unseen horror (D:10)
  A tengu conjurer (D:10)
  3 trolls
  15 yaks
  A wyvern (D:8)
  A steam dragon (D:9)
  3 wargs (D:10)
  2 acid dragons
  2 ice beasts
  A black bear (D:5)
  An orc warrior (D:7)
  2 sky beasts
  An ogre (D:6)
  2 centaurs
  2 kobold brigands (D:8)
  2 two-headed ogre simulacra (D:11)
  6 bullfrogs
  A gnoll sergeant (D:10)
  2 scorpions (D:6)
  9 wights
  11 killer bees (D:9)
  5 howler monkeys
  A crimson imp (D:7)
  5 hounds
  A jelly (D:8)
  7 orc priests
  A gnoll bouda (D:8)
  4 iguanas
  A sleepcap (D:6)
  Natasha (twice) (D:2)
  12 orc wizards
  A spriggan simulacrum (D:11)
  Robin (D:2)
  3 gnolls (D:10)
  8 adders
  A white imp (D:8)
  2 ufetubi (D:6)
  A worm (D:2)
  4 dart slugs
  42 orcs
  5 ball pythons
  11 endoplasms
  5 giant cockroaches
  7 hobgoblins
  7 jackals (D:1)
  A quokka (D:2)
  7 bats
  A frilled lizard (D:1)
  14 goblins
  12 kobolds
  4 rats
252 creatures vanquished.

Vanquished Creatures (others)
  4 plants
4 creatures vanquished.

Grand Total: 256 creatures vanquished

Notes
Turn   | Place    | Note
-------+----------+-------------------------------------------
     0 | D:1      | a11behringer the Armataur Berserker began the quest for the
                  | Orb.
     0 | D:1      | Reached XP level 1. HP: 19/19 MP: 1/1
   109 | D:1      | Reached XP level 2. HP: 22/26 MP: 2/2
   360 | D:1      | Reached skill level 3 in Maces & Flails
   504 | D:1      | Found a faded altar of an unknown god.
   513 | D:1      | Reached ** piety under Trog
   588 | D:1      | Reached XP level 3. HP: 32/32 MP: 3/3
   894 | D:2      | Noticed Robin
   927 | D:2      | Killed Robin
   937 | D:2      | Reached XP level 4. HP: 12/40 MP: 4/4
  1425 | D:2      | Reached *** piety under Trog
  1506 | D:2      | Noticed Natasha
  1512 | D:2      | Killed Natasha
  1513 | D:2      | Reached XP level 5. HP: 37/48 MP: 5/5
  1611 | D:2      | Noticed Natasha
  1618 | D:2      | Killed Natasha
  1619 | D:2      | Reached skill level 4 in Maces & Flails
  3264 | D:4      | Reached XP level 6. HP: 31/55 MP: 6/6
  3643 | D:5      | Entered Level 5 of the Dungeon
  3988 | D:5      | Found a glowing silver altar of Zin.
  3988 | D:5      | Found a blossoming altar of Fedhas.
  4287 | D:5      | Reached skill level 5 in Maces & Flails
  4287 | D:5      | Reached XP level 7. HP: 58/63 MP: 7/7
  4780 | D:6      | Found Ykentoxu's General Store.
  4788 | D:6      | Bought a scroll of identify for 28 gold pieces
  4849 | D:6      | Reached skill level 5 in Armour
  4944 | D:6      | Noticed a two-headed ogre
  4955 | D:6      | Killed a two-headed ogre
  4956 | D:6      | Reached skill level 6 in Maces & Flails
  4956 | D:6      | Reached XP level 8. HP: 37/71 MP: 8/8
  5059 | D:6      | Reached skill level 5 in Fighting
  5323 | D:6      | Found Zeytui's Magic Scroll Boutique.
  5427 | D:6      | Reached **** piety under Trog
  5549 | D:6      | Reached skill level 7 in Maces & Flails
  5622 | D:6      | Found a staircase to the Ecumenical Temple.
  5706 | D:7      | Reached XP level 9. HP: 15/79 MP: 9/9
  5709 | D:7      | HP: 5/118 [orc priest/divine providence (11)]
  5964 | D:7      | Identified the +8 falchion "Biew" {venom, *Corrode Will-
                  | Int+9 Stlth+}
  6418 | D:7      | Found a burning altar of Makhleb.
  6770 | D:8      | Noticed a two-headed ogre
  6770 | D:8      | Noticed a two-headed ogre
  6775 | D:8      | Noticed a two-headed ogre
  6787 | D:8      | Killed a two-headed ogre
  6788 | D:8      | Reached skill level 8 in Maces & Flails
  6799 | D:8      | Killed a two-headed ogre
  6799 | D:8      | Noticed a two-headed ogre
  6800 | D:8      | Reached XP level 10. HP: 88/88 MP: 10/10
  6806 | D:8      | Killed a two-headed ogre
  6807 | D:8      | Reached skill level 5 in Shields
  6817 | D:8      | Killed a two-headed ogre
  6818 | D:8      | Reached skill level 9 in Maces & Flails
  6818 | D:8      | Reached skill level 5 in Dodging
  6835 | D:8      | HP: 1/89 [sky beast (5)]
  7921 | D:8      | Found a shimmering blue altar of Sif Muna.
  8080 | D:9      | Noticed a two-headed ogre
  8083 | D:9      | Killed a two-headed ogre
  8086 | D:9      | Identified the +7 chain mail "Owyapoh" {Will+ Int+2 Dex-5}
  8162 | D:9      | Upgraded the game from 0.30-a0-883-g5ad918d77d to
                  | 0.30-a0-913-g9934a0ce24
  8242 | D:9      | Reached XP level 11. HP: 84/98 MP: 11/11
  8356 | D:9      | Reached skill level 10 in Maces & Flails
  8753 | D:9      | Found a stormy altar of Qazlal.
  8952 | D:10     | Entered Level 10 of the Dungeon
  9300 | D:10     | Found a staircase to the Lair.
  9300 | D:10     | Noticed a tengu warrior
  9325 | D:10     | Killed a tengu warrior
  9678 | D:10     | Found a runed translucent gate.
  9678 | D:10     | Found a runed translucent gate.
  9678 | D:10     | Found a runed translucent gate.
  9678 | D:10     | Noticed a ten-headed hydra
  9678 | D:10     | Noticed Allyalt's ghost (journeyman DsBe)
  9697 | D:10     | Reached ***** piety under Trog
 10188 | D:11     | Found a frozen archway.
 10203 | D:11     | Mangled by a spriggan simulacrum

Illustrated notes

Levels and vault maps discovered:
D:1:      dpeg_arrival_rooms_with_view, layout_loops_corners,
          hellmonk_ecumenical_altar_dog_temple
D:2:      layout_loops_ring, minmay_vboxes, uniq_robin, uniq_natasha
D:3:      layout_rooms, nicolae_elevator_lobby_plus
D:4:      mumra_celtic_spiral_tile, layout_basic, kennysheep_doodads
D:5:      layout_basic, gammafunk_temple_overflow_statue, chequers_big_river,
          minmay_misc_feat_plants
D:6:      layout_loops_ring, minmay_temple_entry_nine_rooms, serial_shops,
          nicolae_shop_hallway_plus, nicolae_stop_n_shop_2,
          minmay_misc_feat_five
D:7:      nicolae_cairo_tiling_large_dashed, layout_loops_ring,
          makhleb_grotto_becter, minmay_misc_feat_chi
D:8:      layout_basic, kennysheep_mini, minmay_alternating_orb
D:9:      layout_basic, mainiacjoe_overflow_paths, minivault_25_ag,
          minmay_misc_feat_iff
D:10:     layout_loops_corners, erik_lair_orcish_takeover,
          gammafunk_ghost_hydra_chop, kennysheep_cross_room, abandoned_shop
D:11:     layout_rooms, portal_ice_cave_entry_ice_simulacra, uniq_psyche,
          uniq_lodul, uniq_erica

Skill      XL: |  1  2  3  4  5  6  7  8  9 10 11 |
---------------+----------------------------------+-----
Maces & Flails | 3 4 5 6 7 8 9 10 | 10.8
Fighting       | 3 4 5 6 7 |  7.7
Armour         | 3 4 5 6 7 8 9 |  9.7
Dodging        | 2 3 4 5 |  5.5
Shields        | 2 3 4 6 7 |  7.4

Action                     |  1- 3 |  4- 6 |  7- 9 | 10-12 || total
---------------------------+-------+-------+-------+-------++-------
  Melee: Mace              |    96 |   140 |   105 |   368 ||   709
         Tailslap          |     7 |    20 |    32 |    58 ||   117
         Flail             |       |    89 |    79 |    39 ||   207
         Punch             |       |     1 |       |       ||     1
 Invoke: Berserk           |     1 |     2 |     3 |     3 ||     9
         Trog's Hand       |     1 |     1 |     4 |     5 ||    11
         Brothers in Arms  |       |       |       |     1 ||     1
    Use: Scroll            |       |       |    14 |    10 ||    24
         Potion            |       |       |       |     1 ||     1
   Stab: Sleeping          |     1 |       |       |       ||     1
 Armour: Animal skin       |     8 |       |       |       ||     8
         Leather armour    |    95 |   109 |       |       ||   204
         Plate armour      |       |    66 |   147 |   244 ||   457
         Chain mail        |       |       |       |    63 ||    63
  Dodge: Dodged            |    65 |    62 |    21 |    55 ||   203
  Block: Buckler           |       |       |    25 |   149 ||   174
         Kite shield       |       |       |       |    34 ||    34
         Reflection        |       |       |       |     3 ||     3

Table legend: (Time is in decaauts)
 A = Elapsed time spent in this place.
 B = Non-inter-level travel time spent in this place.
 C = Inter-level travel time spent in this place.
 D = Time resting spent in this place.
 E = Time spent auto-exploring this place.
 F = Levels seen in this place.
 G = Mean time per level.
                   A        B        C        D        E       F      G
               +--------+--------+--------+--------+--------+-----+--------+
         Total |  10309 |   9809 |    500 |      0 |   8006 |  11 |  937.2 |
       Dungeon |  10309 |   9809 |    500 |      0 |   8006 |  11 |  937.2 |
               +--------+--------+--------+--------+--------+-----+--------+

Top non-repeatable levels by time:
     D:8: 1360 daAuts
     D:4: 1337 daAuts
    D:10: 1228 daAuts
     D:5: 1186 daAuts
     D:2: 990 daAuts
     D:7: 968 daAuts
     D:9: 961 daAuts
     D:1: 908 daAuts
     D:6: 870 daAuts
     D:3: 483 daAuts
    D:11: 15 daAuts
